[ AOE2 MATCH · #480604022 ]
Team RMPersians vs Britons
[ REPLAY ANALYSIS · EXTRACTED FROM THE RECORDED GAME ]
Feudal
17:03
Castle
23:41
Imperial
44:30
| APM avg | 20.6 |
| APM peak | 46 |
| eAPM avg | 13.1 |
| Villagers / military | 199 / 406 |
Focus
⚔️ 34.9% · 🌾 65.1%
War Elephant ×227 · Trade Cart ×102 · Spearman ×90 · Militia ×30 · Mangonel ×25 · Scorpion ×18
Feudal
18:21
Castle
30:46
Imperial
44:46
| APM avg | 7.0 |
| APM peak | 47 |
| eAPM avg | 4.4 |
| Villagers / military | 81 / 34 |
Focus
⚔️ 21.5% · 🌾 78.5%
Hussite Wagon ×23 · Bombard Cannon ×10 · Fishing Ship ×4 · Trade Cart ×4 · Monk ×1
Feudal
14:54
Castle
20:11
Imperial
36:33
| APM avg | 40.1 |
| APM peak | 109 |
| eAPM avg | 15.4 |
| Villagers / military | 117 / 355 |
Focus
⚔️ 38.6% · 🌾 61.4%
Longbowman ×307 · Monk ×33 · Fishing Ship ×19 · Trebuchet (Packed) ×15
Feudal
12:10
Castle
29:42
Imperial
—
| APM avg | 11.6 |
| APM peak | 41 |
| eAPM avg | 7.1 |
| Villagers / military | 87 / 156 |
Focus
⚔️ 42.7% · 🌾 57.3%
Spearman ×102 · Chu Ko Nu ×33 · Archer ×19 · Trade Cart ×4 · Petard ×2
Feudal
13:09
Castle
19:38
Imperial
37:25
| APM avg | 18.3 |
| APM peak | 52 |
| eAPM avg | 15.6 |
| Villagers / military | 105 / 758 |
Focus
⚔️ 48.9% · 🌾 51.1%
Eagle Scout ×226 · Skirmisher ×194 · Jaguar Warrior ×172 · Spearman ×147 · Trade Cart ×35 · Fishing Ship ×17
Feudal
12:44
Castle
17:24
Imperial
41:09
| APM avg | 22.8 |
| APM peak | 62 |
| eAPM avg | 14.1 |
| Villagers / military | 138 / 359 |
Focus
⚔️ 40.4% · 🌾 59.6%
Knight ×109 · Skirmisher ×69 · Coustillier ×64 · Spearman ×56 · Monk ×27 · Scorpion ×26
Match map
Resources at game start + every placement click. Thick line = wall · dashed box = detected house wall. 🟡 gold · ⚪ stone · 🟢 berries · 🔶 boar · ⭕ relic
Inputs per minute
— Lucky2tap - - Nori
Build order — Lucky2tap
First 150 of 456 actions detected
| 0:03 | Build | House |
| 0:04 | Build | House |
| 0:06 | Build | House |
| 0:07 | Create | Villager (Male) |
| 0:07 | Create | Villager (Male) |
| 0:07 | Create | Villager (Male) |
| 0:07 | Create | Villager (Male) |
| 0:08 | Create | Villager (Male) |
| 0:08 | Create | Villager (Male) |
| 0:48 | Research | Loom |
| 1:43 | Create | Villager (Male) |
| 2:19 | Create | Villager (Male) |
| 2:21 | Create | Villager (Male) |
| 2:42 | Build | Palisade Wall |
| 3:16 | Build | Palisade Gate |
| 3:23 | Build | Palisade Gate |
| 3:28 | Create | Villager (Male) |
| 3:28 | Create | Villager (Male) |
| 3:28 | Create | Villager (Male) |
| 3:44 | Create | Villager (Male) |
| 4:35 | Create | Villager (Male) |
| 5:18 | Build | Palisade Wall |
| 5:36 | Create | Villager (Male) |
| 5:36 | Create | Villager (Male) |
| 5:37 | Create | Villager (Male) |
| 5:37 | Create | Villager (Male) |
| 5:37 | Create | Villager (Male) |
| 6:07 | Build | Barracks |
| 6:34 | Build | Lumber Camp |
| 7:33 | Create | Villager (Male) |
| 7:33 | Create | Villager (Male) |
| 7:34 | Create | Villager (Male) |
| 7:34 | Create | Villager (Male) |
| 7:40 | Build | House |
| 7:41 | Build | House |
| 7:43 | Build | House |
| 7:57 | Build | Mill |
| 8:42 | Build | Lumber Camp |
| 9:03 | Build | Mill |
| 9:26 | Create | Villager (Male) |
| 9:26 | Create | Villager (Male) |
| 10:29 | Build | Mining Camp |
| 10:44 | Build | House |
| 10:45 | Build | House |
| 10:47 | Build | House |
| 10:51 | Create | Villager (Male) |
| 10:52 | Create | Villager (Male) |
| 11:08 | Create | Villager (Male) |
| 11:08 | Create | Villager (Male) |
| 11:09 | Create | Villager (Male) |
| 12:11 | Create | Villager (Male) |
| 12:11 | Create | Villager (Male) |
| 13:24 | Create | Villager (Male) |
| 13:24 | Create | Villager (Male) |
| 13:55 | Create | Villager (Male) |
| 13:56 | Create | Villager (Male) |
| 14:06 | Build | Mill |
| 14:27 | Create | Militia |
| 14:27 | Create | Militia |
| 14:28 | Create | Militia |
| 14:42 | Create | Militia |
| 14:56 | Research | Feudal Age |
| 14:57 | Research | Feudal Age |
| 17:03 | Age | Feudal Age |
| 17:20 | Research | Man-at-Arms (upgrade) |
| 17:42 | Build | Blacksmith |
| 17:51 | Build | Market |
| 17:54 | Research | Horse Collar |
| 17:55 | Research | Wheelbarrow |
| 17:58 | Research | Double-Bit Axe |
| 18:45 | Build | Mining Camp |
| 18:54 | Build | Farm |
| 18:54 | Build | Farm |
| 18:55 | Build | Farm |
| 18:55 | Build | Farm |
| 19:11 | Build | Farm |
| 19:11 | Build | Farm |
| 19:12 | Build | Farm |
| 19:13 | Build | Farm |
| 19:13 | Build | Farm |
| 19:14 | Build | Farm |
| 19:16 | Build | Farm |
| 19:16 | Build | Farm |
| 19:16 | Build | Farm |
| 19:16 | Build | Farm |
| 19:17 | Build | Farm |
| 19:17 | Build | Farm |
| 19:17 | Build | Farm |
| 19:19 | Build | Farm |
| 19:32 | Build | Barracks |
| 20:01 | Create | Villager (Male) |
| 20:03 | Create | Villager (Male) |
| 20:29 | Create | Trade Cart ×3 |
| 20:29 | Create | Trade Cart ×3 |
| 20:42 | Build | Palisade Gate |
| 20:52 | Create | Militia ×5 |
| 20:52 | Create | Militia ×5 |
| 20:53 | Create | Militia ×5 |
| 21:16 | Research | Castle Age |
| 21:16 | Research | Castle Age |
| 21:27 | Create | Militia ×2 |
| 21:27 | Create | Militia ×2 |
| 21:45 | Build | Palisade Wall |
| 21:50 | Build | Palisade Wall |
| 21:55 | Build | Palisade Wall |
| 22:27 | Create | Militia |
| 22:29 | Create | Militia |
| 22:32 | Create | Spearman |
| 22:34 | Create | Spearman |
| 22:36 | Research | Forging |
| 22:37 | Research | Scale Mail Armor |
| 23:41 | Age | Castle Age |
| 23:44 | Research | Heavy Plow |
| 23:53 | Build | Town Center |
| 24:01 | Build | Town Center |
| 24:59 | Build | Farm |
| 25:00 | Build | Farm |
| 25:16 | Create | Villager (Male) ×5 |
| 25:16 | Create | Villager (Male) ×5 |
| 25:40 | Create | Villager (Male) ×5 |
| 25:41 | Create | Villager (Male) ×5 |
| 25:54 | Research | Long Swordsman (upgrade) |
| 26:27 | Research | Chain Mail Armor |
| 27:07 | Research | Pikeman (upgrade) |
| 27:13 | Create | Spearman |
| 27:14 | Create | Spearman |
| 27:16 | Research | Squires |
| 27:35 | Build | Mining Camp |
| 27:56 | Research | Hand Cart |
| 28:00 | Create | Villager (Male) |
| 28:30 | Build | House |
| 28:31 | Build | House |
| 28:32 | Build | House |
| 28:33 | Build | House |
| 28:34 | Build | House |
| 28:36 | Build | House |
| 28:37 | Build | House |
| 28:38 | Build | House |
| 28:44 | Create | Villager (Male) ×5 |
| 28:57 | Create | Militia |
| 29:18 | Research | Caravan |
| 29:20 | Create | Trade Cart ×5 |
| 29:20 | Create | Trade Cart ×5 |
| 29:57 | Create | Villager (Male) ×5 |
| 29:57 | Create | Villager (Male) ×5 |
| 29:58 | Create | Villager (Male) ×2 |
| 30:13 | Build | Town Center |
| 30:35 | Create | Militia ×4 |
| 31:11 | Research | Iron Casting |
| 31:17 | Research | Padded Archer Armor |
Build order — Nori
First 150 of 214 actions detected
| 0:05 | Research | Loom |
| 0:06 | Create | Villager (Male) |
| 0:06 | Create | Villager (Male) |
| 0:06 | Create | Villager (Male) |
| 0:07 | Create | Villager (Male) |
| 0:07 | Create | Villager (Male) |
| 0:10 | Build | House |
| 0:39 | Build | Palisade Wall |
| 1:07 | Build | Mill |
| 3:10 | Build | Palisade Wall |
| 3:51 | Build | Palisade Wall |
| 5:20 | Create | Villager (Male) |
| 5:32 | Build | House |
| 6:40 | Build | House |
| 7:11 | Build | Dock |
| 7:26 | Build | Lumber Camp |
| 7:26 | Build | Lumber Camp |
| 7:56 | Create | Villager (Male) |
| 7:56 | Create | Villager (Male) |
| 7:57 | Create | Villager (Male) |
| 7:57 | Create | Villager (Male) |
| 8:10 | Create | Fishing Ship |
| 9:00 | Create | Villager (Male) |
| 9:05 | Build | House |
| 9:12 | Create | Villager (Male) |
| 9:50 | Create | Villager (Male) |
| 10:35 | Create | Villager (Male) |
| 10:35 | Create | Villager (Male) |
| 11:47 | Create | Villager (Male) |
| 11:47 | Create | Villager (Male) |
| 11:47 | Create | Villager (Male) |
| 11:48 | Create | Villager (Male) |
| 12:44 | Build | Mill |
| 12:48 | Build | Farm |
| 14:40 | Build | Farm |
| 14:46 | Build | Farm |
| 14:56 | Build | Farm |
| 15:04 | Build | Farm |
| 15:50 | Create | Fishing Ship |
| 15:50 | Create | Fishing Ship |
| 16:11 | Research | Feudal Age |
| 16:11 | Research | Feudal Age |
| 16:12 | Research | Feudal Age |
| 16:43 | Build | Farm |
| 16:48 | Build | Farm |
| 17:06 | Build | House |
| 17:52 | Create | Villager (Male) |
| 17:52 | Create | Villager (Male) |
| 17:52 | Create | Villager (Male) |
| 17:53 | Create | Villager (Male) |
| 17:53 | Create | Villager (Male) |
| 18:21 | Age | Feudal Age |
| 18:26 | Create | Villager (Male) |
| 18:26 | Create | Villager (Male) |
| 18:36 | Build | Market |
| 18:42 | Build | Blacksmith |
| 18:47 | Build | Barracks |
| 18:55 | Create | Villager (Male) |
| 18:56 | Create | Villager (Male) |
| 19:25 | Build | Stone Wall |
| 19:27 | Build | Stone Wall |
| 19:57 | Build | Stone Wall |
| 20:03 | Create | Villager (Male) |
| 20:04 | Create | Villager (Male) |
| 20:08 | Build | Farm |
| 20:16 | Build | Mining Camp |
| 20:23 | Create | Villager (Male) |
| 20:24 | Create | Villager (Male) |
| 20:24 | Create | Villager (Male) |
| 20:24 | Create | Villager (Male) |
| 20:32 | Build | House |
| 20:55 | Create | Fishing Ship |
| 21:32 | Build | Mining Camp |
| 21:41 | Build | Mining Camp |
| 21:50 | Build | Mining Camp |
| 21:55 | Create | Villager (Male) |
| 21:55 | Create | Villager (Male) |
| 22:31 | Build | House |
| 22:51 | Create | Trade Cart |
| 23:22 | Build | Mining Camp |
| 23:28 | Create | Villager (Male) |
| 23:28 | Create | Villager (Male) |
| 23:37 | Build | House |
| 24:05 | Create | Villager (Male) |
| 24:05 | Create | Villager (Male) |
| 24:06 | Create | Villager (Male) |
| 24:30 | Build | Mining Camp |
| 24:38 | Build | Mining Camp |
| 24:40 | Create | Villager (Male) |
| 24:41 | Create | Villager (Male) |
| 25:09 | Build | House |
| 25:29 | Build | Farm |
| 25:35 | Build | Farm |
| 25:43 | Build | Farm |
| 25:53 | Create | Villager (Male) |
| 25:53 | Create | Villager (Male) |
| 25:53 | Create | Villager (Male) |
| 26:28 | Build | House |
| 26:46 | Build | Fish Trap |
| 27:08 | Build | Fish Trap |
| 28:06 | Research | Castle Age |
| 28:40 | Build | Farm |
| 29:34 | Create | Villager (Male) |
| 29:34 | Create | Villager (Male) |
| 29:43 | Create | Villager (Male) |
| 29:43 | Create | Villager (Male) |
| 29:43 | Create | Villager (Male) |
| 30:46 | Age | Castle Age |
| 31:03 | Build | Monastery |
| 31:13 | Create | Villager (Male) |
| 31:13 | Create | Villager (Male) |
| 31:21 | Build | Town Center |
| 32:12 | Create | Monk |
| 32:18 | Create | Trade Cart |
| 32:28 | Build | Lumber Camp |
| 32:44 | Build | Farm |
| 32:49 | Build | Farm |
| 33:11 | Build | Farm |
| 33:17 | Create | Villager (Male) |
| 33:17 | Create | Villager (Male) |
| 33:19 | Create | Villager (Male) |
| 33:29 | Build | Castle |
| 33:47 | Build | Fish Trap |
| 33:54 | Create | Villager (Male) |
| 33:54 | Create | Villager (Male) |
| 34:00 | Build | House |
| 34:27 | Create | Villager (Male) |
| 34:27 | Create | Villager (Male) |
| 34:27 | Create | Villager (Male) |
| 34:31 | Create | Villager (Male) |
| 34:31 | Create | Villager (Male) |
| 34:31 | Create | Villager (Male) |
| 34:31 | Create | Villager (Male) |
| 34:38 | Research | Double-Bit Axe |
| 34:38 | Research | Double-Bit Axe |
| 35:23 | Create | Villager (Male) |
| 35:46 | Create | Villager (Male) |
| 35:47 | Create | Villager (Male) |
| 35:47 | Create | Villager (Male) |
| 36:35 | Build | Castle |
| 36:43 | Build | House |
| 36:46 | Build | House |
| 37:21 | Create | Trade Cart |
| 37:21 | Create | Trade Cart |
| 37:44 | Build | University |
| 38:09 | Build | Stable |
| 38:18 | Build | Siege Workshop |
| 38:27 | Build | Archery Range |
| 38:28 | Build | Archery Range |
| 38:34 | Build | Archery Range |
Build order — ĦUESOS
First 150 of 379 actions detected
| 0:02 | Create | Villager (Male) |
| 0:02 | Create | Villager (Male) |
| 0:02 | Create | Villager (Male) |
| 0:02 | Create | Villager (Male) |
| 0:05 | Research | Loom |
| 0:06 | Create | Villager (Male) |
| 0:06 | Create | Villager (Male) |
| 0:06 | Create | Villager (Male) |
| 0:07 | Create | Villager (Male) |
| 0:14 | Build | House |
| 0:18 | Build | House |
| 2:03 | Build | House |
| 2:33 | Build | House |
| 3:06 | Build | House |
| 3:18 | Build | House |
| 3:38 | Build | House |
| 3:40 | Create | Villager (Male) |
| 3:40 | Create | Villager (Male) |
| 4:17 | Build | House |
| 5:32 | Create | Villager (Male) |
| 5:33 | Create | Villager (Male) |
| 5:33 | Create | Villager (Male) |
| 6:07 | Create | Villager (Male) |
| 6:07 | Create | Villager (Male) |
| 6:36 | Create | Villager (Male) |
| 6:36 | Create | Villager (Male) |
| 6:36 | Create | Villager (Male) |
| 7:24 | Create | Villager (Male) |
| 7:25 | Create | Villager (Male) |
| 8:09 | Create | Villager (Male) |
| 8:10 | Create | Villager (Male) |
| 8:10 | Create | Villager (Male) |
| 9:12 | Build | Mill |
| 9:41 | Build | Lumber Camp |
| 9:48 | Create | Villager (Male) |
| 9:49 | Create | Villager (Male) |
| 9:49 | Create | Villager (Male) |
| 9:49 | Create | Villager (Male) |
| 9:50 | Create | Villager (Male) |
| 9:50 | Create | Villager (Male) |
| 10:37 | Create | Villager (Male) |
| 10:37 | Create | Villager (Male) |
| 11:32 | Create | Villager (Male) |
| 12:09 | Build | Dock |
| 12:21 | Create | Villager (Male) |
| 12:32 | Create | Villager (Male) |
| 12:42 | Research | Feudal Age |
| 14:54 | Age | Feudal Age |
| 14:56 | Build | Blacksmith |
| 15:00 | Create | Villager (Male) |
| 15:57 | Create | Villager (Male) |
| 16:13 | Build | Market |
| 16:16 | Create | Villager (Male) |
| 17:06 | Create | Villager (Male) |
| 17:13 | Research | Castle Age |
| 17:32 | Build | Palisade Gate |
| 17:43 | Build | Mining Camp |
| 17:53 | Build | Palisade Wall |
| 18:22 | Build | Building 800 |
| 18:35 | Build | Barracks |
| 19:06 | Research | Double-Bit Axe |
| 19:11 | Create | Villager (Male) |
| 20:00 | Create | Fishing Ship |
| 20:11 | Age | Castle Age |
| 20:18 | Build | Monastery |
| 20:46 | Build | Mining Camp |
| 20:59 | Create | Monk |
| 21:19 | Build | University |
| 21:26 | Create | Villager (Male) |
| 21:30 | Research | Wheelbarrow |
| 21:34 | Research | Bow Saw |
| 22:26 | Build | Stone Wall |
| 22:34 | Build | Stone Wall |
| 22:40 | Build | Stone Wall |
| 22:51 | Build | Building 487 |
| 23:06 | Create | Villager (Male) |
| 23:08 | Create | Villager (Male) |
| 23:15 | Build | Town Center |
| 23:23 | Build | Town Center |
| 23:43 | Build | Farm |
| 24:08 | Create | Villager (Male) ×4 |
| 24:14 | Build | Farm |
| 24:38 | Build | Farm |
| 24:41 | Build | Farm |
| 24:47 | Build | Farm |
| 24:55 | Build | Farm |
| 24:56 | Build | Farm |
| 24:57 | Build | Farm |
| 24:58 | Build | Farm |
| 25:05 | Build | Farm |
| 25:07 | Build | Farm |
| 25:09 | Build | Farm |
| 25:14 | Build | Farm |
| 25:22 | Create | Villager (Male) |
| 25:33 | Create | Fishing Ship |
| 25:34 | Create | Fishing Ship |
| 25:37 | Create | Fishing Ship |
| 25:37 | Create | Fishing Ship |
| 25:56 | Build | Farm |
| 25:58 | Create | Villager (Male) ×3 |
| 26:42 | Build | Stone Wall |
| 26:49 | Build | Building 490 |
| 26:56 | Build | Stone Wall |
| 26:58 | Build | Building 673 |
| 27:14 | Build | Stone Wall |
| 27:16 | Build | Stone Wall |
| 27:22 | Build | Building 665 |
| 27:28 | Build | Building 490 |
| 27:34 | Create | Villager (Male) ×5 |
| 27:35 | Create | Villager (Male) ×5 |
| 27:35 | Create | Villager (Male) ×5 |
| 27:35 | Create | Villager (Male) ×5 |
| 27:37 | Build | Farm |
| 27:42 | Build | Farm |
| 28:08 | Build | Farm |
| 28:11 | Research | Treadmill Crane |
| 28:12 | Research | Fortified Wall (upgrade) |
| 28:15 | Build | Farm |
| 28:25 | Build | Lumber Camp |
| 28:28 | Build | Farm |
| 28:35 | Build | Farm |
| 28:38 | Build | Farm |
| 28:42 | Build | Farm |
| 28:45 | Create | Villager (Male) ×5 |
| 28:45 | Create | Villager (Male) ×2 |
| 28:57 | Build | House |
| 28:58 | Build | House |
| 29:00 | Build | House |
| 29:05 | Build | House |
| 29:06 | Build | House |
| 29:09 | Build | House |
| 29:10 | Build | House |
| 29:45 | Create | Villager (Male) ×5 |
| 29:49 | Research | Gold Mining |
| 29:52 | Research | Stone Mining |
| 30:00 | Research | Town Watch |
| 30:10 | Research | Hand Cart |
| 30:31 | Create | Villager (Male) ×5 |
| 30:35 | Create | Villager (Male) |
| 30:42 | Create | Villager (Male) ×3 |
| 30:43 | Create | Villager (Male) |
| 31:18 | Build | Castle |
| 31:21 | Research | Town Watch |
| 31:49 | Build | Mining Camp |
| 32:09 | Build | House |
| 32:09 | Build | House |
| 32:20 | Build | Building 487 |
| 32:24 | Build | Stone Wall |
| 32:39 | Build | Stone Wall |
| 32:51 | Build | Stone Wall |
Build order — brand_S1
First 150 of 336 actions detected
| 1:21 | Create | Villager (Male) |
| 2:17 | Build | Lumber Camp |
| 2:37 | Create | Villager (Male) |
| 2:37 | Create | Villager (Male) |
| 2:37 | Create | Villager (Male) |
| 3:09 | Create | Villager (Male) |
| 4:41 | Build | Mill |
| 4:43 | Create | Villager (Male) |
| 4:44 | Create | Villager (Male) |
| 4:44 | Create | Villager (Male) |
| 5:59 | Build | House |
| 6:47 | Create | Villager (Male) |
| 6:48 | Create | Villager (Male) |
| 6:48 | Create | Villager (Male) |
| 7:04 | Build | House |
| 7:34 | Build | House |
| 8:28 | Build | Palisade Wall |
| 8:52 | Build | Palisade Wall |
| 10:00 | Research | Feudal Age |
| 10:48 | Create | Villager (Male) |
| 10:49 | Create | Villager (Male) |
| 10:50 | Create | Villager (Male) |
| 11:14 | Build | Palisade Wall |
| 11:55 | Build | Mining Camp |
| 12:10 | Age | Feudal Age |
| 12:27 | Build | Palisade Wall |
| 13:16 | Research | Horse Collar |
| 13:40 | Build | Farm |
| 13:50 | Create | Villager (Male) |
| 13:51 | Create | Villager (Male) |
| 13:51 | Create | Villager (Male) |
| 13:51 | Create | Villager (Male) |
| 14:19 | Build | Farm |
| 14:37 | Build | Barracks |
| 14:46 | Build | Farm |
| 15:03 | Build | Blacksmith |
| 15:05 | Create | Spearman |
| 15:05 | Create | Spearman |
| 15:05 | Create | Spearman |
| 16:14 | Build | Farm |
| 16:17 | Build | Farm |
| 16:39 | Create | Spearman |
| 16:49 | Create | Villager (Male) |
| 16:49 | Create | Villager (Male) |
| 16:49 | Create | Villager (Male) |
| 16:51 | Create | Villager (Male) |
| 16:51 | Create | Villager (Male) |
| 17:08 | Create | Spearman |
| 17:30 | Build | Farm |
| 17:56 | Build | Farm |
| 18:16 | Build | House |
| 18:22 | Create | Spearman |
| 18:56 | Create | Spearman |
| 18:56 | Create | Spearman |
| 19:13 | Build | House |
| 19:21 | Build | Farm |
| 19:23 | Build | Farm |
| 19:43 | Build | House |
| 19:47 | Create | Villager (Male) |
| 19:48 | Create | Villager (Male) |
| 19:48 | Create | Villager (Male) |
| 19:59 | Create | Spearman |
| 20:00 | Create | Spearman |
| 20:10 | Build | House |
| 20:21 | Build | Farm |
| 20:38 | Create | Spearman |
| 20:38 | Create | Spearman |
| 20:45 | Research | Scale Mail Armor |
| 20:46 | Research | Forging |
| 20:56 | Build | Market |
| 21:29 | Build | Farm |
| 21:36 | Build | Farm |
| 21:50 | Build | Archery Range |
| 21:54 | Create | Trade Cart |
| 22:42 | Build | Barracks |
| 22:43 | Create | Archer |
| 22:44 | Create | Archer |
| 22:46 | Create | Archer |
| 24:30 | Create | Archer |
| 24:52 | Create | Spearman |
| 24:53 | Create | Spearman |
| 25:30 | Create | Archer |
| 25:30 | Create | Archer |
| 25:38 | Create | Spearman |
| 25:38 | Create | Spearman |
| 26:36 | Research | Padded Archer Armor |
| 26:36 | Research | Fletching |
| 27:02 | Research | Castle Age |
| 28:37 | Build | Palisade Wall |
| 29:40 | Create | Villager (Male) |
| 29:40 | Create | Villager (Male) |
| 29:41 | Create | Villager (Male) |
| 29:41 | Create | Villager (Male) |
| 29:42 | Create | Villager (Male) |
| 29:42 | Create | Villager (Male) |
| 29:42 | Create | Villager (Male) |
| 29:42 | Age | Castle Age |
| 30:03 | Research | Crossbowman (upgrade) |
| 30:24 | Research | Pikeman (upgrade) |
| 30:26 | Research | Squires |
| 30:34 | Build | Mining Camp |
| 30:55 | Build | Palisade Wall |
| 31:32 | Research | Thumb Ring |
| 32:00 | Create | Spearman |
| 32:00 | Create | Spearman |
| 32:00 | Create | Spearman |
| 32:00 | Create | Spearman |
| 32:17 | Build | Farm |
| 32:27 | Create | Archer |
| 32:28 | Create | Archer |
| 32:28 | Create | Archer |
| 32:29 | Create | Archer |
| 32:29 | Create | Archer |
| 32:40 | Build | House |
| 33:03 | Build | House |
| 33:12 | Build | Farm |
| 33:18 | Research | Wheelbarrow |
| 33:25 | Build | House |
| 33:27 | Build | House |
| 33:29 | Build | House |
| 33:40 | Build | House |
| 33:42 | Build | House |
| 33:44 | Build | House |
| 33:52 | Build | Farm |
| 34:11 | Create | Villager (Male) |
| 34:28 | Research | Bodkin Arrow |
| 34:38 | Research | Double-Bit Axe |
| 34:58 | Build | House |
| 35:01 | Build | House |
| 35:17 | Build | Barracks |
| 35:22 | Research | Leather Archer Armor |
| 35:34 | Create | Villager (Male) |
| 35:34 | Create | Villager (Male) |
| 36:08 | Build | Town Center |
| 36:22 | Build | Barracks |
| 36:28 | Research | Chain Mail Armor |
| 36:37 | Create | Villager (Male) |
| 36:37 | Create | Villager (Male) |
| 36:37 | Create | Villager (Male) |
| 36:38 | Create | Villager (Male) |
| 36:38 | Create | Villager (Male) |
| 36:39 | Create | Villager (Male) |
| 36:39 | Create | Villager (Male) |
| 36:50 | Build | House |
| 37:14 | Build | University |
| 37:19 | Create | Spearman |
| 37:21 | Create | Spearman |
| 37:21 | Create | Spearman |
| 37:27 | Create | Archer |
| 37:27 | Create | Archer |
Build order — ッ
First 150 of 598 actions detected
| 0:02 | Create | Villager (Male) ×4 |
| 0:04 | Build | House |
| 0:08 | Build | House |
| 0:20 | Build | House |
| 1:40 | Research | Loom |
| 2:09 | Build | Dock |
| 2:14 | Create | Villager (Male) |
| 2:15 | Create | Villager (Male) |
| 2:55 | Create | Villager (Male) |
| 3:03 | Create | Villager (Male) |
| 4:15 | Create | Villager (Male) |
| 4:50 | Create | Villager (Male) |
| 5:21 | Create | Villager (Male) |
| 6:14 | Create | Villager (Male) |
| 6:23 | Create | Villager (Male) |
| 6:26 | Create | Villager (Male) |
| 6:26 | Create | Villager (Male) |
| 6:26 | Create | Villager (Male) |
| 6:52 | Create | Villager (Male) |
| 7:18 | Build | House |
| 8:19 | Create | Villager (Male) |
| 8:46 | Create | Villager (Male) |
| 9:38 | Create | Villager (Male) |
| 9:50 | Create | Villager (Male) |
| 10:02 | Build | Lumber Camp |
| 10:33 | Create | Villager (Male) |
| 10:39 | Create | Fishing Ship |
| 10:48 | Research | Feudal Age |
| 11:15 | Build | House |
| 11:19 | Build | House |
| 11:20 | Build | House |
| 12:09 | Build | Mill |
| 13:09 | Age | Feudal Age |
| 13:09 | Create | Villager (Male) |
| 13:12 | Research | Double-Bit Axe |
| 13:20 | Research | Horse Collar |
| 13:32 | Create | Villager (Male) |
| 13:57 | Create | Villager (Male) |
| 14:25 | Build | Mining Camp |
| 14:29 | Create | Villager (Male) |
| 14:34 | Research | Wheelbarrow |
| 14:53 | Build | Farm |
| 14:55 | Build | Farm |
| 14:59 | Build | Farm |
| 15:39 | Build | Market |
| 16:10 | Build | Blacksmith |
| 16:26 | Create | Villager (Male) |
| 16:43 | Build | Lumber Camp |
| 16:58 | Research | Castle Age |
| 16:58 | Research | Castle Age |
| 17:03 | Build | Farm |
| 17:05 | Build | Farm |
| 17:43 | Build | Mining Camp |
| 17:48 | Research | Stone Mining |
| 17:53 | Research | Gold Mining |
| 18:17 | Build | House |
| 18:22 | Build | House |
| 18:28 | Build | House |
| 18:30 | Build | House |
| 18:43 | Build | Barracks |
| 19:04 | Build | Building 673 |
| 19:13 | Build | Barracks |
| 19:30 | Create | Villager (Male) |
| 19:38 | Age | Castle Age |
| 19:42 | Research | Heavy Plow |
| 19:46 | Research | Scale Mail Armor |
| 19:54 | Research | Stone Shaft Mining |
| 20:23 | Build | Farm |
| 20:37 | Build | Fish Trap |
| 20:45 | Create | Villager (Male) |
| 21:19 | Build | Town Center |
| 21:44 | Create | Villager (Male) |
| 21:44 | Create | Villager (Male) |
| 21:47 | Build | Farm |
| 21:53 | Build | Farm |
| 21:55 | Create | Villager (Male) |
| 22:40 | Build | Castle |
| 22:51 | Build | Siege Workshop |
| 22:55 | Build | Siege Workshop |
| 23:03 | Create | Villager (Male) |
| 23:03 | Create | Villager (Male) |
| 23:10 | Build | Farm |
| 23:16 | Build | Farm |
| 23:23 | Create | Villager (Male) |
| 23:24 | Create | Villager (Male) |
| 23:49 | Build | Fish Trap |
| 23:55 | Create | Villager (Male) |
| 23:55 | Create | Villager (Male) |
| 23:59 | Build | Farm |
| 24:09 | Build | Farm |
| 24:12 | Create | Villager (Male) |
| 24:13 | Create | Villager (Male) |
| 24:23 | Build | Farm |
| 24:31 | Build | House |
| 24:37 | Create | Villager (Male) |
| 24:37 | Create | Villager (Male) |
| 24:53 | Build | House |
| 25:02 | Build | House |
| 25:21 | Build | Building 487 |
| 25:25 | Build | Stone Wall |
| 25:31 | Build | Watch Tower |
| 25:42 | Build | Lumber Camp |
| 25:55 | Build | Mining Camp |
| 25:58 | Create | Villager (Male) |
| 25:59 | Create | Villager (Male) |
| 26:02 | Create | Jaguar Warrior |
| 26:03 | Create | Jaguar Warrior |
| 26:03 | Create | Jaguar Warrior |
| 26:03 | Create | Jaguar Warrior |
| 26:08 | Create | Trade Cart |
| 26:08 | Create | Trade Cart |
| 26:08 | Create | Trade Cart |
| 26:46 | Create | Villager (Male) |
| 26:47 | Create | Villager (Male) |
| 26:50 | Create | Trade Cart |
| 26:50 | Create | Trade Cart |
| 27:19 | Build | Market |
| 27:24 | Build | Lumber Camp |
| 27:26 | Create | Villager (Male) |
| 27:27 | Create | Villager (Male) |
| 27:27 | Create | Villager (Male) |
| 28:00 | Build | Mining Camp |
| 28:27 | Research | Hand Cart |
| 28:40 | Create | Trade Cart |
| 28:42 | Research | Caravan |
| 29:10 | Create | Villager (Male) |
| 29:10 | Create | Villager (Male) |
| 29:17 | Create | Fishing Ship |
| 29:18 | Create | Fishing Ship |
| 29:23 | Build | Fish Trap |
| 29:25 | Build | Fish Trap |
| 29:26 | Build | Fish Trap |
| 29:44 | Create | Villager (Male) |
| 29:45 | Create | Villager (Male) |
| 30:02 | Build | Castle |
| 30:22 | Build | Archery Range |
| 30:31 | Build | Barracks |
| 30:42 | Research | Gold Shaft Mining |
| 30:47 | Research | Forging |
| 30:48 | Research | Fletching |
| 30:58 | Create | Fishing Ship |
| 30:59 | Create | Fishing Ship |
| 30:59 | Create | Fishing Ship |
| 31:24 | Build | Stone Wall |
| 31:35 | Build | Watch Tower |
| 31:46 | Build | Archery Range |
| 32:19 | Research | Bow Saw |
| 32:23 | Create | Villager (Male) |
| 32:23 | Create | Villager (Male) |
| 32:29 | Build | Farm |
Build order — ANTON KÖLLISCH
First 150 of 573 actions detected
| 0:05 | Build | House |
| 0:06 | Create | Villager (Male) |
| 0:07 | Create | Villager (Male) |
| 0:07 | Create | Villager (Male) |
| 0:10 | Build | House |
| 0:13 | Create | Villager (Male) |
| 0:13 | Create | Villager (Male) |
| 2:18 | Create | Villager (Male) |
| 2:18 | Create | Villager (Male) |
| 2:18 | Create | Villager (Male) |
| 2:58 | Create | Villager (Male) |
| 2:58 | Create | Villager (Male) |
| 2:59 | Create | Villager (Male) |
| 3:11 | Build | Lumber Camp |
| 3:47 | Create | Villager (Male) |
| 3:48 | Create | Villager (Male) |
| 3:48 | Create | Villager (Male) |
| 4:18 | Create | Villager (Male) |
| 4:18 | Create | Villager (Male) |
| 4:44 | Create | Villager (Male) |
| 4:44 | Create | Villager (Male) |
| 4:53 | Build | House |
| 4:58 | Create | Villager (Male) |
| 4:58 | Create | Villager (Male) |
| 5:28 | Build | Mill |
| 5:31 | Create | Villager (Male) |
| 5:31 | Create | Villager (Male) |
| 5:32 | Create | Villager (Male) |
| 6:43 | Create | Villager (Male) |
| 6:44 | Create | Villager (Male) |
| 6:52 | Build | House |
| 7:59 | Build | Palisade Wall |
| 8:24 | Build | Mill |
| 8:27 | Create | Villager (Male) |
| 8:27 | Create | Villager (Male) |
| 8:27 | Create | Villager (Male) |
| 8:28 | Create | Villager (Male) |
| 8:31 | Create | Villager (Male) |
| 10:34 | Research | Feudal Age |
| 10:55 | Build | Lumber Camp |
| 11:15 | Build | Mining Camp |
| 11:26 | Create | Villager (Male) |
| 11:27 | Create | Villager (Male) |
| 11:27 | Create | Villager (Male) |
| 11:44 | Build | Barracks |
| 12:44 | Age | Feudal Age |
| 12:56 | Build | Market |
| 13:03 | Build | Blacksmith |
| 13:13 | Build | House |
| 14:01 | Build | Mining Camp |
| 14:44 | Research | Castle Age |
| 14:44 | Research | Castle Age |
| 14:55 | Build | Farm |
| 15:04 | Build | Farm |
| 15:25 | Create | Villager (Male) |
| 15:25 | Create | Villager (Male) |
| 15:45 | Build | Farm |
| 15:50 | Build | Farm |
| 15:59 | Build | Farm |
| 16:18 | Build | Farm |
| 16:24 | Build | Farm |
| 17:24 | Age | Castle Age |
| 17:32 | Build | Dock |
| 17:49 | Build | Town Center |
| 17:56 | Create | Villager (Male) |
| 17:56 | Create | Villager (Male) |
| 17:56 | Create | Villager (Male) |
| 18:22 | Create | Fishing Ship |
| 18:42 | Build | House |
| 18:48 | Build | House |
| 18:49 | Build | House |
| 18:53 | Build | House |
| 18:55 | Build | House |
| 18:56 | Build | House |
| 18:57 | Build | House |
| 19:07 | Create | Villager (Male) |
| 19:08 | Create | Villager (Male) |
| 19:08 | Create | Villager (Male) |
| 19:08 | Create | Villager (Male) |
| 19:08 | Create | Villager (Male) |
| 19:09 | Create | Villager (Male) |
| 19:09 | Create | Villager (Male) |
| 19:09 | Create | Villager (Male) |
| 19:17 | Build | Lumber Camp |
| 19:38 | Create | Villager (Male) |
| 19:38 | Create | Villager (Male) |
| 19:38 | Create | Villager (Male) |
| 20:09 | Create | Villager (Male) |
| 20:10 | Create | Villager (Male) |
| 20:32 | Build | Town Center |
| 20:53 | Create | Villager (Male) |
| 20:53 | Create | Villager (Male) |
| 21:13 | Build | Stable |
| 21:22 | Create | Villager (Male) |
| 21:33 | Create | Villager (Male) |
| 21:33 | Create | Villager (Male) |
| 21:34 | Create | Villager (Male) |
| 21:43 | Build | Monastery |
| 21:59 | Create | Villager (Male) |
| 21:59 | Create | Villager (Male) |
| 22:08 | Create | Fishing Ship |
| 22:16 | Research | Stone Mining |
| 22:40 | Create | Monk |
| 22:47 | Create | Villager (Male) |
| 22:47 | Create | Villager (Male) |
| 23:07 | Build | Mining Camp |
| 23:14 | Create | Villager (Male) |
| 23:14 | Create | Villager (Male) |
| 23:35 | Build | Farm |
| 23:42 | Build | Farm |
| 23:49 | Build | Farm |
| 24:12 | Build | Farm |
| 24:17 | Build | Farm |
| 24:32 | Create | Knight |
| 24:32 | Create | Knight |
| 24:33 | Create | Knight |
| 24:44 | Build | Stable |
| 24:49 | Create | Villager (Male) |
| 24:49 | Create | Villager (Male) |
| 24:57 | Research | Double-Bit Axe |
| 25:04 | Create | Villager (Male) |
| 25:04 | Create | Villager (Male) |
| 25:31 | Create | Knight |
| 25:43 | Create | Knight |
| 26:51 | Research | Bow Saw |
| 26:58 | Create | Villager (Male) |
| 26:58 | Create | Villager (Male) |
| 26:58 | Create | Villager (Male) |
| 26:59 | Create | Villager (Male) |
| 26:59 | Create | Villager (Male) |
| 26:59 | Create | Villager (Male) |
| 27:06 | Create | Villager (Male) |
| 27:06 | Create | Villager (Male) |
| 27:07 | Create | Villager (Male) |
| 27:20 | Build | Castle |
| 27:29 | Create | Villager (Male) |
| 27:29 | Create | Villager (Male) |
| 27:49 | Build | Farm |
| 27:55 | Build | Farm |
| 28:02 | Build | Farm |
| 28:10 | Build | Farm |
| 28:14 | Build | Farm |
| 28:20 | Build | Farm |
| 28:31 | Research | Cavalier (upgrade) |
| 28:33 | Create | Knight |
| 28:34 | Research | Husbandry |
| 28:39 | Create | Knight |
| 28:40 | Create | Knight |
| 28:40 | Create | Knight |
| 28:49 | Build | Farm |
Match timeline
| 0:39 | Nori · wall_segment Palisade Wall x10 |
| 2:09 | ッ · first_building Dock |
| 2:42 | Lucky2tap · wall_segment Palisade Wall x26 |
| 3:10 | Nori · wall_segment Palisade Wall x9 |
| 3:51 | Nori · wall_segment Palisade Wall x6 |
| 5:18 | Lucky2tap · wall_segment Palisade Wall x6 |
| 6:07 | Lucky2tap · first_building Barracks |
| 7:11 | Nori · first_building Dock |
| 7:59 | ANTON KÖLLISCH · wall_segment Palisade Wall x9 |
| 8:28 | brand_S1 · wall_segment Palisade Wall x7 |
| 8:52 | brand_S1 · wall_segment Palisade Wall x10 |
| 11:14 | brand_S1 · wall_segment Palisade Wall x13 |
| 11:44 | ANTON KÖLLISCH · first_building Barracks |
| 12:09 | ĦUESOS · first_building Dock |
| 12:10 | brand_S1 · age_up feudal |
| 12:27 | brand_S1 · wall_segment Palisade Wall x5 |
| 12:44 | ANTON KÖLLISCH · age_up feudal |
| 13:09 | ッ · age_up feudal |
| 14:37 | brand_S1 · first_building Barracks |
| 14:54 | ĦUESOS · age_up feudal |
| 17:03 | Lucky2tap · age_up feudal |
| 17:10 | ĦUESOS · first_market_sell 500 stone |
| 17:24 | ANTON KÖLLISCH · age_up castle |
| 17:32 | ANTON KÖLLISCH · first_building Dock |
| 17:53 | ĦUESOS · wall_segment Palisade Wall x5 |
| 18:21 | Nori · age_up feudal |
| 18:35 | ĦUESOS · first_building Barracks |
| 18:43 | ッ · first_building Barracks |
| 18:47 | Nori · first_building Barracks |
| 19:25 | Nori · wall_segment Stone Wall x9 |
| 19:27 | Nori · wall_segment Stone Wall x3 |
| 19:38 | ッ · age_up castle |
| 19:57 | Nori · wall_segment Stone Wall x5 |
| 20:02 | ッ · first_market_buy 100 food |
| 20:11 | ĦUESOS · age_up castle |
| 20:18 | ĦUESOS · first_building Monastery |
| 21:13 | ANTON KÖLLISCH · first_building Stable |
| 21:43 | ANTON KÖLLISCH · first_building Monastery |
| 21:45 | Lucky2tap · wall_segment Palisade Wall x6 |
| 21:50 | Lucky2tap · wall_segment Palisade Wall x7 |
| 21:50 | brand_S1 · first_building Archery Range |
| 21:55 | Lucky2tap · wall_segment Palisade Wall x7 |
| 22:26 | ĦUESOS · wall_segment Stone Wall x2 |
| 22:34 | ĦUESOS · wall_segment Stone Wall x6 |
| 22:40 | ĦUESOS · wall_segment Stone Wall x9 |
| 22:40 | ッ · first_building Castle |
| 22:51 | ッ · first_building Siege Workshop |
| 23:41 | Lucky2tap · age_up castle |
| 25:25 | ッ · wall_segment Stone Wall x1 |
| 26:42 | ĦUESOS · wall_segment Stone Wall x14 |
| 26:56 | ĦUESOS · wall_segment Stone Wall x10 |
| 27:14 | ĦUESOS · wall_segment Stone Wall x9 |
| 27:16 | ĦUESOS · wall_segment Stone Wall x13 |
| 27:20 | ANTON KÖLLISCH · first_building Castle |
| 28:37 | brand_S1 · wall_segment Palisade Wall x21 |
| 29:42 | brand_S1 · age_up castle |
| 30:22 | ッ · first_building Archery Range |
| 30:46 | Nori · age_up castle |
| 30:55 | brand_S1 · wall_segment Palisade Wall x20 |
| 31:03 | Nori · first_building Monastery |
| 31:18 | ĦUESOS · first_building Castle |
| 31:24 | ッ · wall_segment Stone Wall x2 |
| 32:18 | ANTON KÖLLISCH · wall_segment Stone Wall x10 |
| 32:24 | ĦUESOS · wall_segment Stone Wall x18 |
| 32:24 | ANTON KÖLLISCH · wall_segment Stone Wall x7 |
| 32:39 | ĦUESOS · wall_segment Stone Wall x12 |
| 32:51 | ĦUESOS · wall_segment Stone Wall x15 |
| 33:29 | Nori · first_building Castle |
| 33:51 | Lucky2tap · first_building Monastery |
| 34:04 | ANTON KÖLLISCH · first_building Siege Workshop |
| 34:29 | ッ · first_building Monastery |
| 35:29 | Lucky2tap · wall_segment Stone Wall x34 |
| 36:33 | ĦUESOS · age_up imperial |
| 36:38 | ANTON KÖLLISCH · wall_segment Stone Wall x1 |
| 36:41 | ANTON KÖLLISCH · wall_segment Stone Wall x7 |
| 36:54 | ANTON KÖLLISCH · first_building Archery Range |
| 37:25 | ッ · age_up imperial |
| 38:09 | Nori · first_building Stable |
| 38:18 | Nori · first_building Siege Workshop |
| 38:27 | Nori · first_building Archery Range |
| 38:33 | brand_S1 · first_building Castle |
| 40:14 | Lucky2tap · first_building Castle |
| 40:30 | ĦUESOS · wall_segment Stone Wall x10 |
| 41:09 | ANTON KÖLLISCH · age_up imperial |
| 41:19 | Nori · wall_segment Stone Wall x5 |
| 44:22 | Lucky2tap · first_building Siege Workshop |
| 44:30 | Lucky2tap · age_up imperial |
| 44:46 | Nori · age_up imperial |
| 46:45 | Lucky2tap · wall_segment Stone Wall x8 |
| 47:26 | Lucky2tap · wall_segment Stone Wall x13 |
| 48:33 | Nori · resign |
| 52:08 | Lucky2tap · first_market_buy 500 stone |
| 54:05 | Lucky2tap · wall_segment Stone Wall x10 |
| 55:29 | Lucky2tap · wall_segment Stone Wall x24 |
| 55:39 | ッ · tribute_sent a jugador 1 |
| 55:39 | ッ · tribute_sent a jugador 2 |
| 55:39 | ッ · tribute_sent a jugador 3 |
| 55:39 | ッ · tribute_sent a jugador 4 |
| 55:39 | ッ · tribute_sent a jugador 6 |
| 61:00 | Lucky2tap · wall_segment Stone Wall x10 |
| 61:06 | ANTON KÖLLISCH · wall_segment Stone Wall x19 |
| 64:54 | ĦUESOS · wall_segment Stone Wall x9 |
| 66:31 | ĦUESOS · wall_segment Stone Wall x12 |
| 68:40 | Lucky2tap · wall_segment Stone Wall x1 |
| 71:04 | ッ · first_market_sell 100 food |
| 74:14 | Lucky2tap · wall_segment Stone Wall x7 |
| 74:25 | Lucky2tap · wall_segment Stone Wall x9 |
| 76:01 | Lucky2tap · wall_segment Stone Wall x13 |
| 77:48 | Lucky2tap · wall_segment Stone Wall x13 |
| 80:36 | Lucky2tap · wall_segment Stone Wall x15 |
| 83:28 | ッ · wall_segment Stone Wall x7 |
| 83:35 | ッ · wall_segment Stone Wall x4 |
| 83:41 | ッ · wall_segment Stone Wall x6 |
| 83:45 | ッ · wall_segment Stone Wall x6 |
| 84:12 | Lucky2tap · wall_segment Stone Wall x11 |
[ AI ANALYSIS · 1 CREDIT ]
What really happened in this match?
Wolo.gg analyzes every decision: build order, eco, micro, common mistakes by bracket. Personalized analysis on WhatsApp or Discord in 30 seconds.
Civ guide
Persians
Map guide
Black Forest
Perfil
Jugador #778161